[Event "Titled Tuesday Blitz November 14 Late 2023"]
[White "Ivic, Velimir"]
[Black "sjoerd893"]
[WhiteFideId "950122"]
[WhiteElo "2814"]
[BlackElo "2571"]
[Result "1-0"]
[Round "6"]
[TimeControl "180+1"]
[Date "2023.11.14"]
[WhiteClock "0:02:00"]
[BlackClock "0:01:43"]
[Board "33"]

1. Nf3 d5 2. g3 Nf6 3. Bg2 g6 4. O-O Bg7 5. d4 O-O 6. c3 Nbd7 7. a4 a5 8. Bf4 c6 9. Na3 Re8 10. c4 Nh5 11. Bg5 h6 12. Bd2 e5 13. dxe5 Nxe5 14. Nxe5 Bxe5 15. cxd5 Bxb2 16. Ra2 Bg7 17. dxc6 Re7 18. Be3 bxc6 19. Qxd8+ 1-0


[Site "https://www.chess.com"]

[Event "Titled Tuesday Blitz November 14 Late 2023"]
[White "Maksimovic, Bojan"]
[Black "Bettalli, Francesco"]
[WhiteFideId "14408120"]
[BlackFideId "2816453"]
[WhiteElo "2796"]
[BlackElo "2565"]
[Result "0-1"]
[Round "6"]
[TimeControl "180+1"]
[Date "2023.11.14"]
[WhiteClock "0:00:00"]
[BlackClock "0:00:49"]
[Board "34"]

1. Nf3 g6 2. g3 Bg7 3. Bg2 c5 4. O-O Nc6 5. c3 Nf6 6. d4 cxd4 7. Nxd4 d5 8. Nd2 Nxd4 9. cxd4 O-O 10. Nb3 Ne4 11. Bf4 a5 12. Rc1 a4 13. Nc5 Nxc5 14. Rxc5 Qb6 15. Qd2 e5 16. Be3 e4 17. Rxd5 Be6 18. Rc5 f5 19. d5 Bf7 20. Bd4 Rfd8 21. Rfc1 Bxd4 22. Qxd4 Bxd5 23. a3 Bf7 24. Qe5 Re8 25. Qc3 Rad8 26. e3 Rd3 27. Qc2 Bb3 28. Qe2 Red8 29. Bf1 Rd1 30. Rc8 Rxc8 31. Rxc8+ Kg7 32. Kg2 Qe6 33. Qb5 Qxc8 34. Qe5+ Kg8 35. Bb5 Rd5 36. Qe6+ Qxe6 0-1


[Site "https://www.chess.com"]

[Event "Titled Tuesday Blitz November 14 Late 2023"]
[White "Chylewski, Patryk"]
[Black "Sokolovsky, Yahli"]
[WhiteFideId "1186191"]
[BlackFideId "2820242"]
[WhiteElo "2554"]
[BlackElo "2769"]
[Result "1-0"]
[Round "6"]
[TimeControl "180+1"]
[Date "2023.11.14"]
[WhiteClock "0:00:04"]
[BlackClock "0:00:07"]
[Board "35"]

1. Nf3 g6 2. d4 Bg7 3. c4 d6 4. Nc3 Nf6 5. g3 O-O 6. Bg2 Nc6 7. O-O e5 8. dxe5 Nxe5 9. Nxe5 dxe5 10. Qxd8 Rxd8 11. Bg5 Rd7 12. Nd5 Nxd5 13. cxd5 b6 14. Rac1 Bb7 15. e4 Rc8 16. Bh3 f5 17. exf5 Rxd5 18. f6 Bf8 19. Be6+ Kh8 20. Bxc8 Bxc8 21. Rxc7 Bh3 22. Re1 e4 23. Rxa7 Kg8 24. Bc1 Bb4 25. f7+ Kg7 26. a3 Bc5 27. b4 Bf8 28. Bb2+ Kh6 29. Ra8 Rd2 30. Rxf8 e3 31. fxe3 Rg2+ 32. Kh1 Rxb2 33. Rg8 Bg2+ 34. Kg1 Bd5 35. f8=Q+ Kh5 36. Qf4 Rg2+ 37. Kf1 Rxh2 38. g4+ Kh4 39. Qxh2+ Kxg4 40. Qg1+ 1-0


[Site "https://www.chess.com"]

[Event "Titled Tuesday Blitz November 14 Late 2023"]
[White "Arifarsky"]
[Black "Vafin, Ayrat"]
[BlackFideId "4146530"]
[WhiteElo "2727"]
[BlackElo "2545"]
[Result "1-0"]
[Round "6"]
[TimeControl "180+1"]
[Date "2023.11.14"]
[WhiteClock "0:00:50"]
[BlackClock "0:00:07"]
[Board "36"]

1. d4 d5 2. Nf3 Nf6 3. Bf4 c5 4. e3 Nc6 5. Nbd2 g6 6. Bb5 Qb6 7. c4 cxd4 8. exd4 Bg7 9. Qe2 a6 10. Bxc6+ bxc6 11. b3 O-O 12. c5 Qa5 13. O-O Bg4 14. Qxe7 Rfe8 15. Qb7 Rac8 16. Rfc1 Ne4 17. Nxe4 dxe4 18. Ne5 Be6 19. a4 Bd5 20. b4 Qd8 21. Qxa6 f6 22. Ng4 h5 23. Ne3 g5 24. Bd6 Qd7 25. Nxd5 cxd5 26. Qe2 g4 27. Bf4 Qf5 28. g3 h4 29. b5 Kf7 30. b6 hxg3 31. fxg3 e3 32. b7 Rcd8 33. c6 Qe4 1-0


[Site "https://www.chess.com"]

[Event "Titled Tuesday Blitz November 14 Late 2023"]
[White "Solon, Nathan"]
[Black "Ferreira, Vitor Hugo Vieira"]
[WhiteFideId "2017229"]
[BlackFideId "2119765"]
[WhiteElo "2683"]
[BlackElo "2528"]
[Result "1-0"]
[Round "6"]
[TimeControl "180+1"]
[Date "2023.11.14"]
[WhiteClock "0:00:41"]
[BlackClock "0:00:07"]
[Board "37"]

1. d4 d5 2. Bf4 Nf6 3. e3 e6 4. Nf3 c5 5. Nbd2 Nc6 6. c3 Nh5 7. Bg5 Qc7 8. Bd3 Be7 9. Bxe7 Qxe7 10. Ne5 Nf6 11. f4 O-O 12. O-O g6 13. Qe1 Nd7 14. Qg3 f5 15. h4 Nf6 16. Qh3 Bd7 17. Ndf3 Be8 18. g4 Ne4 19. Bxe4 fxe4 20. Nxc6 bxc6 21. Ne5 cxd4 22. cxd4 c5 23. dxc5 Qxc5 24. Rac1 Qb6 25. Rf2 d4 26. Nc4 Qc5 27. exd4 Qxd4 28. Qe3 Qd8 29. g5 Bc6 30. Ne5 Bd5 31. Ng4 Bxa2 32. Nh6+ Kg7 33. Qc3+ Rf6 34. Ng4 e3 35. gxf6+ Kf7 36. Nh6+ Kf8 37. Qc5+ Ke8 38. f7+ 1-0


[Site "https://www.chess.com"]

[Event "Titled Tuesday Blitz November 14 Late 2023"]
[White "Bjelobrk, Igor"]
[Black "Omariev, Maksim"]
[WhiteFideId "4300726"]
[BlackFideId "4193423"]
[WhiteElo "2674"]
[BlackElo "2521"]
[Result "1-0"]
[Round "6"]
[TimeControl "180+1"]
[Date "2023.11.14"]
[WhiteClock "0:00:29"]
[BlackClock "0:00:00"]
[Board "38"]

1. d4 d5 2. c4 e6 3. Nf3 Nf6 4. g3 Be7 5. Bg2 O-O 6. O-O a6 7. Qc2 dxc4 8. a4 Nc6 9. Qxc4 Nb4 10. Rd1 b5 11. Qb3 bxa4 12. Qxa4 Bb7 13. Nc3 Nfd5 14. Ne5 Nb6 15. Qb3 Bxg2 16. Kxg2 Bd6 17. Nf3 Qe7 18. e4 c5 19. e5 Bc7 20. dxc5 Qxc5 21. Be3 Qc4 22. Ra3 Qxb3 23. Rxb3 N6d5 24. Bc5 Rfb8 25. Bxb4 Rxb4 26. Rxb4 Nxb4 27. Rd7 Rc8 28. Ng5 Bxe5 29. Nxf7 Bxc3 30. bxc3 Rxc3 31. Ng5 Rc8 32. Nxe6 g6 33. Ng5 h6 34. Ne4 Ra8 35. Nf6+ Kf8 36. Rh7 Rd8 37. Nd7+ Ke8 38. Nf6+ Kf8 39. h4 a5 40. g4 a4 41. Nd7+ Ke8 42. Nf6+ Kf8 43. Ra7 1-0


[Site "https://www.chess.com"]

[Event "Titled Tuesday Blitz November 14 Late 2023"]
[White "Sivakumar, Shaaketh"]
[Black "Avalos Parra, Joao"]
[WhiteFideId "30940176"]
[BlackFideId "3402541"]
[WhiteElo "2650"]
[BlackElo "2354"]
[Result "1-0"]
[Round "6"]
[TimeControl "180+1"]
[Date "2023.11.14"]
[WhiteClock "0:01:35"]
[BlackClock "0:00:00"]
[Board "39"]

1. Nf3 d5 2. g3 Nf6 3. Bg2 e6 4. c4 d4 5. e3 c5 6. b4 dxe3 7. fxe3 cxb4 8. d4 Be7 9. O-O a5 10. a3 O-O 11. axb4 Bxb4 12. Ba3 Nc6 13. Qb3 Re8 14. Nc3 Bd7 15. Nb5 Qb8 16. Ne5 Nxe5 17. Bxb4 Nxc4 18. Qxc4 Bxb5 19. Qxb5 axb4 20. Rxa8 Qxa8 21. Qxb4 Nd5 22. Qb3 Rd8 23. e4 Nf6 24. d5 exd5 25. e5 Ng4 26. Bxd5 Nxe5 27. Bxf7+ Kh8 28. Bd5 Qa7+ 29. Kh1 b6 30. Bg2 h6 31. Qe6 Qb8 32. Rb1 b5 33. h3 Re8 34. Qd5 b4 35. Rb3 Rd8 36. Qe4 h5 37. Rxb4 Qd6 38. Kh2 Nf7 39. Qh4 Nh6 40. Rb5 Rf8 41. Rxh5 Rf6 42. Rg5 Rg6 43. Rd5 Qf6 44. Qe4 Nf7 45. Qe8+ Kh7 46. Qe4 Ng5 47. Qh4+ Rh6 48. Qxg5 1-0


[Site "https://www.chess.com"]

[Event "Titled Tuesday Blitz November 14 Late 2023"]
[White "BardArtem"]
[Black "Mazzilli, Piero"]
[BlackFideId "807087"]
[WhiteElo "2824"]
[BlackElo "2367"]
[Result "1-0"]
[Round "6"]
[TimeControl "180+1"]
[Date "2023.11.14"]
[WhiteClock "0:00:03"]
[BlackClock "0:00:14"]
[Board "40"]

1. e4 c5 2. c3 d5 3. exd5 Qxd5 4. d4 Nc6 5. Nf3 Nf6 6. Be3 cxd4 7. cxd4 e6 8. Nc3 Qd6 9. Bd3 Be7 10. O-O O-O 11. Rc1 a6 12. Re1 Bd7 13. Qd2 Rfd8 14. a3 Be8 15. Ne4 Nxe4 16. Bxe4 Rac8 17. Bf4 Qd7 18. Qd3 g6 19. Bxc6 Rxc6 20. Qe3 Rxc1 21. Rxc1 Rc8 22. Re1 Qd5 23. h4 Bc6 24. Be5 Bd6 25. h5 Bxe5 26. dxe5 Qd7 27. Nd4 Qe7 28. Nxc6 Rxc6 29. h6 Rc5 30. Rd1 Rd5 31. Rc1 Rd8 32. Qb6 Kf8 33. g3 Qg5 34. Re1 Re8 35. Qxb7 Qxh6 36. Qxa6 Qd2 37. Qe2 Qd5 38. b4 Rd8 39. b5 Qb3 40. Rc1 Rb8 41. Qd2 Qxb5 42. Qh6+ Kg8 43. Qe3 Qb6 44. Rc8+ Kg7 45. Rxb8 Qxb8 46. Qf4 Qb1+ 47. Kg2 Qb3 48. Qf6+ Kg8 49. Qf3 Qd5 50. Qxd5 exd5 51. Kf3 Kf8 52. Ke3 Ke7 53. a4 Kd7 54. Kd4 Kc6 55. a5 g5 56. g4 h6 57. a6 Kb6 58. Kxd5 f5 59. exf6 h5 60. gxh5 g4 61. f7 Ka7 62. f8=Q Kxa6 63. Qb4 Ka7 64. Kc6 Ka8 1-0


[Site "https://www.chess.com"]

[Event "Titled Tuesday Blitz November 14 Late 2023"]
[White "Klekowski, Maciej"]
[Black "Kashefi, Amir Hosein"]
[WhiteFideId "1132717"]
[BlackFideId "12557935"]
[WhiteElo "2821"]
[BlackElo "2562"]
[Result "1-0"]
[Round "6"]
[TimeControl "180+1"]
[Date "2023.11.14"]
[WhiteClock "0:01:57"]
[BlackClock "0:00:13"]
[Board "41"]

1. c4 c6 2. Nf3 d5 3. e3 Nf6 4. b3 Bf5 5. Bb2 e6 6. Nc3 Nbd7 7. h3 Bd6 8. Nh4 Bg6 9. Be2 O-O 10. d4 Be4 11. Nxe4 Nxe4 12. Nf3 Bb4+ 13. Kf1 f5 14. g3 Ndf6 15. Rc1 Bd6 16. Kg2 Qc7 17. Ne5 Ng5 18. h4 Nf7 19. Nxf7 Rxf7 20. c5 Be7 21. Bc3 Raf8 22. b4 Bd8 23. b5 Ne4 24. Be1 Bf6 25. bxc6 bxc6 26. Rb1 e5 27. f3 exd4 28. exd4 Qe7 29. fxe4 fxe4 30. Rf1 e3 31. Qd3 Qe6 32. Rb3 Bxh4 33. Rxf7 Rxf7 34. Rb8+ Rf8 35. Rxf8+ Kxf8 36. gxh4 Kg8 37. Bg3 h6 38. Bf4 Qf6 39. Qxe3 Qxh4 40. Qe8+ Kh7 41. Bd3+ 1-0


[Site "https://www.chess.com"]

[Event "Titled Tuesday Blitz November 14 Late 2023"]
[White "Ghasi, Ameet K"]
[Black "Pinheiro, Iung Alicio de O."]
[WhiteFideId "409200"]
[BlackFideId "2104350"]
[WhiteElo "2796"]
[BlackElo "2558"]
[Result "1-0"]
[Round "6"]
[TimeControl "180+1"]
[Date "2023.11.14"]
[WhiteClock "0:00:17"]
[BlackClock "0:00:00"]
[Board "42"]

1. b3 e5 2. Bb2 Nc6 3. e4 Bc5 4. c3 d6 5. d4 Bb6 6. Bb5 Bd7 7. Ne2 Nf6 8. Nd2 a6 9. Bxc6 Bxc6 10. d5 Bb5 11. c4 Bd7 12. h3 O-O 13. g4 Ba5 14. Ng3 c6 15. O-O cxd5 16. cxd5 Bb5 17. Re1 g6 18. Re3 Ne8 19. a4 Bd7 20. Nc4 Bb4 21. Bc3 Bc5 22. Rf3 b5 23. Ne3 Rc8 24. Qd2 Qh4 25. Kg2 Ng7 26. axb5 axb5 27. Rh1 Kh8 28. Bb4 Rc7 29. Bxc5 Rxc5 30. Qa5 h5 31. Qb6 Qe7 32. gxh5 f5 33. h6 Nh5 34. Nxh5 gxh5 35. exf5 e4 36. Rg3 h4 37. Rg7 Qe5 38. Rxd7 Rc2 39. Nxc2 Qxf5 40. Qd4+ Rf6 41. Rxd6 Qf3+ 42. Kg1 1-0


[Site "https://www.chess.com"]

[Event "Titled Tuesday Blitz November 14 Late 2023"]
[White "mind1mover"]
[Black "Kuznecovs, Nikita"]
[BlackFideId "11604557"]
[WhiteElo "2796"]
[BlackElo "2555"]
[Result "1-0"]
[Round "6"]
[TimeControl "180+1"]
[Date "2023.11.14"]
[WhiteClock "0:00:23"]
[BlackClock "0:00:06"]
[Board "43"]

1. d4 Nf6 2. c4 g6 3. Nc3 Bg7 4. e4 d6 5. Be2 O-O 6. Be3 e5 7. d5 Nbd7 8. g4 Nc5 9. f3 a5 10. h4 h5 11. g5 Ne8 12. Nh3 c6 13. dxc6 Qb6 14. Nd5 Qxb2 15. Rb1 Qxa2 16. Bxc5 dxc5 17. cxb7 Rb8 18. bxc8=Q Rxb1 19. Kf2 Rxd1 20. Rxd1 Kh7 21. Qxc5 a4 22. Qb4 a3 23. Nc3 Qc2 24. Qxa3 Nc7 25. Rc1 Qd2 26. Rd1 Qc2 27. Qc1 Qb3 28. Qe3 Ne6 29. Nd5 Qb8 30. Nf6+ Bxf6 31. gxf6 Nd4 32. f4 Re8 33. f5 Qd6 34. fxg6+ Kg8 35. gxf7+ Kxf7 36. Bxh5+ Kxf6 37. Qh6+ 1-0


[Site "https://www.chess.com"]

[Event "Titled Tuesday Blitz November 14 Late 2023"]
[White "Brodsky, David"]
[Black "Ozates, Tuna"]
[WhiteFideId "2073250"]
[BlackFideId "6354521"]
[WhiteElo "2786"]
[BlackElo "2558"]
[Result "1-0"]
[Round "6"]
[TimeControl "180+1"]
[Date "2023.11.14"]
[WhiteClock "0:00:42"]
[BlackClock "0:00:10"]
[Board "44"]

1. d4 Nf6 2. Nf3 e6 3. Bf4 b6 4. e3 Bb7 5. Nbd2 Be7 6. Bd3 d5 7. O-O O-O 8. c3 Nbd7 9. a4 a6 10. a5 b5 11. b4 Ne4 12. Qc2 f5 13. Ne5 Nxe5 14. Bxe5 Bd6 15. Nb3 Bxe5 16. dxe5 d4 17. exd4 Qh4 18. f3 Ng5 19. Nc5 Bd5 20. f4 Nf7 21. c4 bxc4 22. Bxc4 Rfd8 23. Nxe6 Bxe6 24. Bxe6 Rxd4 25. Qxc7 Rf8 26. Rad1 Rxd1 27. Rxd1 h6 28. g3 Qh5 29. Rd7 Qe2 30. Qc4 Qe1+ 31. Kg2 Kh7 32. Bxf7 Rc8 33. Bg6+ 1-0


[Site "https://www.chess.com"]

[Event "Titled Tuesday Blitz November 14 Late 2023"]
[White "Ponce Cano, Adrian"]
[Black "Dourerassou, Jonathan"]
[WhiteFideId "22296913"]
[BlackFideId "628050"]
[WhiteElo "2538"]
[BlackElo "2784"]
[Result "0-1"]
[Round "6"]
[TimeControl "180+1"]
[Date "2023.11.14"]
[WhiteClock "0:00:24"]
[BlackClock "0:01:13"]
[Board "45"]

1. e4 c5 2. Nf3 e6 3. d4 cxd4 4. Bg5 f6 5. Bc1 e5 6. Bc4 Nc6 7. c3 Bc5 8. O-O Nge7 9. b4 Bb6 10. b5 Na5 11. Bd3 d5 12. Ba3 Nc4 13. Bxe7 Qxe7 14. exd5 Nb2 15. Qc2 Nxd3 16. Qxd3 e4 17. Qd1 d3 18. Re1 Bg4 19. h3 Bh5 20. g4 Bg6 21. Nd4 Qe5 22. Nd2 O-O 23. Nc4 Qxd5 24. Nxb6 axb6 25. Qd2 Rac8 26. Rac1 f5 27. Qg5 Rc5 28. Red1 f4 29. Qxd5+ Rxd5 30. Ne6 Rf6 31. c4 Rd7 32. Ng5 h6 33. Rxd3 exd3 0-1


[Site "https://www.chess.com"]

[Event "Titled Tuesday Blitz November 14 Late 2023"]
[White "Ismayil, Malak"]
[Black "Korchmar, Vasiliy"]
[WhiteFideId "13412604"]
[BlackFideId "24131750"]
[WhiteElo "2538"]
[BlackElo "2751"]
[Result "1-0"]
[Round "6"]
[TimeControl "180+1"]
[Date "2023.11.14"]
[WhiteClock "0:00:04"]
[BlackClock "0:00:00"]
[Board "46"]

1. e4 c5 2. Nf3 d6 3. Bb5+ Bd7 4. Bxd7+ Nxd7 5. O-O Ngf6 6. Re1 e6 7. c3 Be7 8. d4 O-O 9. Bg5 h6 10. Bh4 Rc8 11. Nbd2 Re8 12. h3 Qb6 13. Rb1 Qa6 14. a3 cxd4 15. cxd4 e5 16. Bg3 exd4 17. Nxd4 Nc5 18. Nf5 Bf8 19. Qf3 Nd3 20. Re3 Ne5 21. Nxh6+ Kh7 22. Bxe5 dxe5 23. Nxf7 Kg6 24. Ng5 Kxg5 25. Qf5+ Kh6 26. Rg3 Nh7 27. Qg4 Qf6 28. Nf3 g5 29. h4 Qf4 30. hxg5+ Kg6 31. Qh3 Bg7 32. Nh4+ Kf7 33. Rf3 Kg8 34. Rxf4 exf4 35. Nf5 Nxg5 36. Qg4 Ne6 37. Nxg7 Nxg7 38. Re1 Rf8 39. e5 f3 40. e6 Rce8 41. e7 Rf7 42. Qc4 Nf5 43. Re4 Nd6 44. Rg4+ Kh7 45. Qd3+ Kh6 46. Qxd6+ Kh5 47. Rg3 fxg2 48. Qd5+ Kh4 49. Qxg2 1-0


[Site "https://www.chess.com"]

[Event "Titled Tuesday Blitz November 14 Late 2023"]
[White "Karacsonyi, Gellert"]
[Black "TimGrutter03"]
[WhiteFideId "764620"]
[WhiteElo "2749"]
[BlackElo "2535"]
[Result "1-0"]
[Round "6"]
[TimeControl "180+1"]
[Date "2023.11.14"]
[WhiteClock "0:01:54"]
[BlackClock "0:00:01"]
[Board "47"]

1. e4 g6 2. d4 Bg7 3. Nc3 d6 4. Be3 a6 5. a4 Nc6 6. Qd2 e5 7. d5 Nd4 8. Nge2 Nxe2 9. Bxe2 Ne7 10. f3 f5 11. Bh6 O-O 12. h4 f4 13. Bxg7 Kxg7 14. O-O-O b5 15. g3 b4 16. Nb1 Bd7 17. gxf4 Rxf4 18. b3 a5 19. h5 g5 20. h6+ Kh8 21. Rdg1 Ng6 22. Rh5 g4 23. fxg4 Qf6 24. g5 Qf7 25. Qe3 Rf8 26. Nd2 Qe7 27. Rhh1 c6 28. Rg3 cxd5 29. exd5 Bf5 30. Rf1 Qc7 31. Nc4 Rxf1+ 32. Bxf1 Bxc2 33. Kxc2 Rxf1 34. Rf3 Rxf3 35. Qxf3 Nf4 36. Qg4 Qc5 37. Qd7 Qf2+ 38. Nd2 Ng6 39. Qg7# 1-0


[Site "https://www.chess.com"]

[Event "Titled Tuesday Blitz November 14 Late 2023"]
[White "Pourkashiyan, Atousa"]
[Black "Schnaider, Ilan"]
[WhiteFideId "12502014"]
[BlackFideId "169013"]
[WhiteElo "2532"]
[BlackElo "2725"]
[Result "1-0"]
[Round "6"]
[TimeControl "180+1"]
[Date "2023.11.14"]
[WhiteClock "0:01:10"]
[BlackClock "0:00:00"]
[Board "48"]

1. e4 c5 2. Nf3 d6 3. d4 cxd4 4. Nxd4 Nf6 5. Nc3 a6 6. Be2 e5 7. Nb3 Be7 8. O-O O-O 9. Be3 Be6 10. Qd3 Nbd7 11. a4 Nb6 12. Bxb6 Qxb6 13. a5 Qc6 14. Bf3 Bc4 15. Qd2 Bxf1 16. Rxf1 Rac8 17. g4 h6 18. h4 Nh7 19. g5 hxg5 20. h5 Nf6 21. Qxg5 Nd5 22. exd5 Qxc3 23. Qf5 g6 24. hxg6 Qxc2 25. Be4 Qxb3 26. g7 f6 27. gxf8=Q+ Kxf8 28. Qxc8+ Kg7 29. Qg4+ Kf7 30. Qe6+ 1-0


[Site "https://www.chess.com"]

[Event "Titled Tuesday Blitz November 14 Late 2023"]
[White "Goltsev, Dmitry"]
[Black "Womacka, Mathias"]
[WhiteFideId "24176710"]
[BlackFideId "4611390"]
[WhiteElo "2722"]
[BlackElo "2532"]
[Result "1/2-1/2"]
[Round "6"]
[TimeControl "180+1"]
[Date "2023.11.14"]
[WhiteClock "0:00:03"]
[BlackClock "0:00:10"]
[Board "49"]

1. e4 c5 2. Nf3 d6 3. d4 cxd4 4. Nxd4 Nf6 5. Nc3 a6 6. f3 e5 7. Nb3 Be7 8. Be3 Be6 9. Nd5 Nxd5 10. exd5 Bf5 11. Bd3 Bxd3 12. Qxd3 O-O 13. c4 Bg5 14. O-O Bxe3+ 15. Qxe3 b6 16. Nd2 Nd7 17. b4 Rc8 18. Rfc1 f5 19. Nb3 Qh4 20. Qe2 e4 21. Nd4 Ne5 22. f4 Nd3 23. g3 Nxc1 24. Rxc1 Qf6 25. Qe3 b5 26. c5 dxc5 27. bxc5 Rfd8 28. d6 Rxd6 29. cxd6 Rxc1+ 30. Qxc1 Qxd4+ 31. Kg2 Qxd6 32. Qc8+ Qf8 33. Qe6+ Kh8 34. Qxa6 g6 35. Qxb5 Qa3 36. Qe5+ Kg8 37. Qe8+ Kg7 38. Qe5+ Kh6 39. Kh3 Qxa2 40. Qe7 Qe2 41. Qg5+ Kg7 42. Qe7+ Kh6 43. Qg5+ Kg7 44. Qe7+ Kh6 1/2-1/2


[Site "https://www.chess.com"]

[Event "Titled Tuesday Blitz November 14 Late 2023"]
[White "Jovic, Stanoje"]
[Black "Rohan, Ahuja"]
[WhiteFideId "905020"]
[BlackFideId "5090598"]
[WhiteElo "2528"]
[BlackElo "2703"]
[Result "1/2-1/2"]
[Round "6"]
[TimeControl "180+1"]
[Date "2023.11.14"]
[WhiteClock "0:00:29"]
[BlackClock "0:00:08"]
[Board "50"]

1. c4 g6 2. g3 c5 3. Bg2 Bg7 4. Nc3 Nc6 5. Nf3 d6 6. O-O e6 7. e3 Nge7 8. d4 O-O 9. dxc5 dxc5 10. Qxd8 Rxd8 11. Na4 b6 12. Bd2 Ba6 13. Rac1 Rd7 14. b3 Rad8 15. Bc3 f6 16. h4 h6 17. g4 Bb7 18. g5 hxg5 19. hxg5 f5 20. Bxg7 Kxg7 21. Nc3 e5 22. Rfd1 e4 23. Ne1 Ne5 24. Rxd7 Rxd7 25. Rd1 Rxd1 26. Nxd1 Nf7 27. f4 exf3 28. Bxf3 Bc8 29. Nc3 Nxg5 30. Bg2 Bd7 31. Nd3 Kf6 32. Kf2 Ne6 33. a3 g5 34. b4 g4 35. Nd5+ Kf7 36. Ne5+ Ke8 37. Nf6+ Kd8 38. Nfxd7 f4 39. Bd5 fxe3+ 40. Kxe3 Nf5+ 41. Kf2 cxb4 42. axb4 Ned4 43. c5 g3+ 44. Kg2 Ne3+ 45. Kxg3 Nxd5 46. cxb6 axb6 47. Kf2 b5 48. Nc5 Nxb4 49. Ke3 Nf5+ 50. Kd2 Nd5 51. Kc2 Nd4+ 52. Kb2 Kc7 53. Ncd3 Kd6 54. Ng4 Kc6 55. Ngf2 Kb6 56. Ne4 Ka5 57. Nd6 Kb6 58. Nxb5 Kxb5 59. Ne5 Kb4 60. Nc6+ Nxc6 1/2-1/2


[Site "https://www.chess.com"]

[Event "Titled Tuesday Blitz November 14 Late 2023"]
[White "Shuvalova, Polina"]
[Black "JackRodgers"]
[WhiteFideId "24171760"]
[WhiteElo "2683"]
[BlackElo "2522"]
[Result "0-1"]
[Round "6"]
[TimeControl "180+1"]
[Date "2023.11.14"]
[WhiteClock "0:00:01"]
[BlackClock "0:00:06"]
[Board "51"]

1. e4 c5 2. Nf3 g6 3. c3 Bg7 4. d4 cxd4 5. cxd4 d5 6. e5 Bg4 7. Nc3 Nc6 8. Bb5 Rc8 9. O-O Nh6 10. h3 Bxf3 11. Qxf3 Nf5 12. Rd1 e6 13. g4 Ne7 14. Bg5 Qb6 15. a4 O-O 16. a5 Qc7 17. a6 bxa6 18. Bxa6 Rb8 19. Qe2 h6 20. Be3 g5 21. Bd3 Rfc8 22. Nb5 Qd7 23. Nd6 Rc7 24. Rdc1 Nc8 25. Nxc8 Qxc8 26. Rc3 Nb4 27. Rac1 Rxc3 28. Rxc3 Qd8 29. Bb1 Rc8 30. Kg2 Rxc3 31. bxc3 Nc6 32. Qd3 Qb6 33. Bc2 a5 34. h4 gxh4 35. Bxh6 Bxh6 36. Qh7+ Kf8 37. Qxh6+ Ke8 38. Qxh4 Qb2 39. Ba4 Qxc3 40. Qh8+ Ke7 41. Qf6+ Kf8 42. Qh8+ Ke7 43. Qc8 Qxd4 44. Qxc6 Qxg4+ 45. Kf1 Qh3+ 46. Ke1 Qh1+ 47. Kd2 Qh6+ 48. Kc2 Kf8 49. Qc5+ Kg7 50. Qxa5 Qf4 51. Qa7 Qxe5 52. Be8 Qf6 53. Qe3 Qf5+ 54. Kd2 Kf8 55. Bb5 Ke7 56. Bd3 Qg4 57. Qc5+ Kf6 58. Qe3 d4 59. Qe1 Qf4+ 60. Kc2 Qc7+ 61. Kd1 Qf4 62. Qe2 e5 63. Qc2 Qf3+ 64. Ke1 Qf4 65. Qc6+ Kg7 66. Qg2+ Kf6 67. Ke2 Ke7 68. Qd5 f5 69. Qc5+ Kf6 70. Qf8+ Ke6 71. Bc4+ Kd7 72. Qf7+ Kc6 73. Qd5+ Kc7 74. Qc5+ Kd7 75. Bb5+ Ke6 76. Bc4+ Kf6 77. Qf8+ Kg5 78. Qg7+ Kh4 79. Qh7+ Kg5 80. Qg7+ Kh4 81. Qh7+ Kg5 82. Bd5 Qg4+ 83. Bf3 Qh4 84. Qg7+ Kf4 85. Qc7 Qf6 86. Bd5 Qa6+ 87. Ke1 Qa1+ 88. Ke2 Qb2+ 89. Ke1 d3 90. Qc4+ e4 91. Be6 Qe2# 0-1


[Site "https://www.chess.com"]

[Event "Titled Tuesday Blitz November 14 Late 2023"]
[White "Wu, Derek"]
[Black "Statham_l3"]
[WhiteFideId "30914558"]
[WhiteElo "2675"]
[BlackElo "2521"]
[Result "0-1"]
[Round "6"]
[TimeControl "180+1"]
[Date "2023.11.14"]
[WhiteClock "0:00:33"]
[BlackClock "0:00:43"]
[Board "52"]

1. d4 e6 2. e4 d5 3. Nc3 Nf6 4. Bg5 h6 5. Bxf6 Qxf6 6. exd5 Bb4 7. Bc4 O-O 8. Ne2 exd5 9. Bxd5 Nc6 10. O-O Bg4 11. f3 Bf5 12. Ne4 Qe7 13. c3 Bd6 14. N2g3 Bg6 15. Re1 Rad8 16. Bxc6 bxc6 17. Nxd6 Qxd6 18. b4 h5 19. Ne4 Qd5 20. Qb3 Qf5 21. Nc5 h4 22. Re5 Qf4 23. h3 Rxd4 24. Rae1 Rd2 25. R5e2 Rfd8 26. Ne4 Bxe4 27. fxe4 Rxe2 28. Rxe2 Qc1+ 29. Kh2 Rd1 30. g4 Qf4+ 31. Kg2 Qg3# 0-1


[Site "https://www.chess.com"]

[Event "Titled Tuesday Blitz November 14 Late 2023"]
[White "Djokic, Mihailo"]
[Black "D`Arruda, Ricardo D."]
[WhiteFideId "976440"]
[BlackFideId "100692"]
[WhiteElo "2671"]
[BlackElo "2518"]
[Result "1-0"]
[Round "6"]
[TimeControl "180+1"]
[Date "2023.11.14"]
[WhiteClock "0:02:35"]
[BlackClock "0:00:06"]
[Board "53"]

1. e4 c5 2. c3 Nc6 3. d4 e6 4. d5 exd5 5. exd5 Ne5 6. Nf3 Nxf3+ 7. Qxf3 Nf6 8. Bd3 Be7 9. O-O d6 10. c4 O-O 11. Nc3 Bg4 12. Qg3 Qd7 13. h3 Bh5 14. Re1 Bg6 15. b3 Rfe8 16. Bb2 Bxd3 17. Qxd3 Bf8 18. Ne2 Be7 19. Ng3 g6 20. Qc3 Bd8 21. Rxe8+ Qxe8 22. Re1 Qd7 23. Ne4 1-0


[Site "https://www.chess.com"]

[Event "Titled Tuesday Blitz November 14 Late 2023"]
[White "Sztokbant, Bernardo Vainzoff"]
[Black "Adla, Diego"]
[WhiteFideId "2115956"]
[BlackFideId "100072"]
[WhiteElo "2504"]
[BlackElo "2660"]
[Result "1-0"]
[Round "6"]
[TimeControl "180+1"]
[Date "2023.11.14"]
[WhiteClock "0:00:28"]
[BlackClock "0:00:20"]
[Board "54"]

1. b3 e5 2. Bb2 d6 3. e3 Nf6 4. Nf3 g6 5. d4 e4 6. Nfd2 Bg7 7. c4 O-O 8. Nc3 Re8 9. Be2 c5 10. O-O cxd4 11. exd4 Nc6 12. d5 Nd4 13. Re1 e3 14. fxe3 Rxe3 15. Nf1 Nxe2+ 16. Rxe2 Rxe2 17. Qxe2 Bf5 18. Ne3 Qd7 19. Rf1 Re8 20. Qf2 Bd3 21. Rd1 Be4 22. Rf1 Bd3 23. Rd1 Ne4 24. Nxe4 Bxe4 25. Bxg7 Kxg7 26. Rf1 f5 27. Qb2+ Kg8 28. Qd4 b6 29. Nd1 Qe7 30. Nc3 Qe5 31. Qxe5 Rxe5 32. Nb5 Bd3 33. Rd1 Be2 34. Re1 a6 35. Nxd6 b5 36. Kf2 1-0


[Site "https://www.chess.com"]

[Event "Titled Tuesday Blitz November 14 Late 2023"]
[White "reevecanada"]
[Black "Nikologorsky, Matfei"]
[BlackFideId "24102474"]
[WhiteElo "2649"]
[BlackElo "2450"]
[Result "1-0"]
[Round "6"]
[TimeControl "180+1"]
[Date "2023.11.14"]
[WhiteClock "0:02:01"]
[BlackClock "0:00:00"]
[Board "55"]

1. e4 c5 2. Nf3 e6 3. b3 d5 4. exd5 exd5 5. Bb5+ Bd7 6. Bxd7+ Qxd7 7. O-O Nf6 8. Re1+ Be7 9. Qe2 Nc6 10. Ne5 Nxe5 11. Qxe5 Kf8 12. Bb2 Re8 13. Qe2 h5 14. h3 Rh6 15. Qf3 d4 16. d3 h4 17. Nd2 b6 18. a4 Nd5 19. Nc4 Rf6 20. Ne5 Qf5 21. Qxd5 Qxf2+ 22. Kh1 Kg8 23. Nc6 Qxc2 24. Nxe7+ Kf8 25. Nc6 Rxe1+ 26. Rxe1 g6 27. Bc1 Rf2 28. Bh6+ Kg8 29. Qe5 f6 30. Qe7 1-0


[Site "https://www.chess.com"]